 Dungeon Crawl Stone Soup version 0.30-a0-578-gdee14c521f (webtiles) character file.

Game seed: 2025825453266224

752 bande the Chopper (level 7, -4/44 HPs)
             Began as a Gargoyle Fighter on Jan 1, 2023.
             Was an Initiate of Okawaru.
             Slain by a gnoll sergeant
             ... wielding a +0 trident
              (6 damage)
             ... on level 5 of the Dungeon.
             The game lasted 00:07:38 (4236 turns).

bande the Chopper (Gargoyle Fighter)                Turns: 4236, Time: 00:07:38

Health: -4/44      AC: 16    Str: 20    XL:     7   Next: 78%
Magic:  7/7        EV:  7    Int: 14    God:    Okawaru [......]
Gold:   191        SH:  5    Dex: 11    Spells: 6/6 levels left

rFire   . . .      SeeInvis .    a - +1 war axe
rCold   . . .      Faith    .    c - +0 buckler
rNeg    + . .      Spirit   .    h - +0 chain mail
rPois   ∞          Reflect  .    f - +1 hat
rElec   +          Harm     .    l - +0 cloak
rCorr   .          Rampage  .    (no gloves)
Will    +....                    (no boots) Stlth
                                 (no amulet)
HPRegen 0.27/turn                m - ring of willpower
MPRegen 0.10/turn                j - +6 ring of intelligence

@: weakened
A: sickness immunity, AC +4, negative energy resistance 1, electricity
resistance, torment resistance 1, petrification resistance
a: Renounce Religion


You were on level 5 of the Dungeon.
You worshipped Okawaru.
Okawaru was noncommittal.
You visited 2 branches of the dungeon, and saw 6 of its levels.

You collected 191 gold pieces.

Inventory:

Hand Weapons
 a - a +1 war axe (weapon)
 k - a +0 flail
Missiles
 b - 3 throwing nets (quivered)
Armour
 c - a +0 buckler (worn)
 f - a +1 hat (worn)
 h - a +0 chain mail (worn)
 l - a +0 cloak (worn)
Jewellery
 j - a +6 ring of intelligence (right hand)
 m - a ring of willpower (left hand)
Wands
 q - a wand of flame (21)
Scrolls
 n - 2 scrolls of teleportation
 s - 2 scrolls of identify
 v - 2 scrolls of magic mapping
Potions
 d - a potion of might
 e - a potion of berserk rage
 g - 2 potions of mutation
 i - a potion of brilliance
 o - a potion of haste
 p - a potion of heal wounds
 r - a potion of curing


   Skills:
 + Level 4.8 Fighting
 + Level 5.4 Axes
 + Level 5.1 Armour
 + Level 4.4 Shields
 * Level 1.2 Invocations
 * Level 1.3 Evocations


You had 6 spell levels left.
You didn't know any spells.
Your spell library was empty.

Dungeon Overview and Level Annotations

Branches:
Dungeon (5/15)             Temple (1/1) D:4

Altars:
Ashenzari
Dithmenos
Elyvilon
Hepliaklqana
Okawaru
Trog
Uskayaw
Vehumet
The Shining One

Shops:
D:2 (


Innate Abilities, Weirdness & Mutations

You are immune to sickness and miasma.
Your stone body is resilient. (AC +4)
You are immune to poison.
You resist negative energy. (rN+)
You are resistant to electric shocks. (rElec)
You are resistant to unholy torment.
You are immune to petrification.


Message History

Okawaru accepts your kill. You block the gnoll's attack.
The gnoll sergeant closely misses you.
The gnoll sergeant hits you but does no damage.
The gnoll hits you from afar with a +0 spear.
The gnoll hits you with a +0 flail!
Unknown command.
The gnoll sergeant barely misses you.
The gnoll hits you but does no damage. x2
Things that are here:
a +0 halberd; 14 gold pieces; a gnoll corpse You barely miss the gnoll sergeant.
You slash the gnoll! You hit the gnoll. The gnoll hits you with a +0 flail!
The gnoll bouda gazes fiercely through you!
You feel your attacks grow feeble. The gnoll hits you but does no damage.
The gnoll hits you from afar with a +0 spear.
The gnoll sergeant completely misses you.
Unknown command.
You closely miss the gnoll sergeant. You hit the gnoll.
You closely miss the gnoll. The gnoll hits you with a +0 flail!
* * * LOW HITPOINT WARNING * * *
The gnoll hits you with a +0 spear.
* * * LOW HITPOINT WARNING * * *
The gnoll hits you but does no damage. You block the gnoll sergeant's attack.
Unknown command.
The gnoll sergeant blocks your attack.
You hit the gnoll. You barely miss the gnoll. The gnoll completely misses you.
The gnoll bouda gazes fiercely through you!
You feel as though you will be weak longer.
You block the gnoll's attack. The gnoll hits you but does no damage.
The gnoll sergeant hits you with a +0 trident.
* * * LOW HITPOINT WARNING * * *
Unknown command.
You hit the gnoll sergeant.
The gnoll sergeant is lightly wounded.
You hit the gnoll. x2; The gnoll barely misses you.
The gnoll bouda barks out a call to the hunt!
The gnolls pick up the pace!
You block the gnoll's attack. The gnoll barely misses you.
The gnoll sergeant hits you with a +0 trident.
You die...

## .# g# ### ### g#
... #(# .#
.###.##.#####.######
........gg@ggg......
........gg###.##..##
#######.### .# #.#
.. #.......!.
#.####..### ... .#
##. .# ..


You could see a gnoll sergeant (swift), a gnoll bouda and 5 gnolls.

Vanquished Creatures
  Sigmund (D:3)
  A water moccasin (D:5)
  An ice beast (D:3)
  A phantom (D:5)
  A scorpion (D:4)
  Terence (D:3)
  3 iguanas
  2 orc wizards (D:4)
  4 gnolls
  An adder (D:3)
  An ufetubus (D:5)
  6 orcs (D:4)
  3 ball pythons
  5 endoplasms
  A giant cockroach (D:4)
  6 goblins
  6 hobgoblins
  10 jackals
  2 quokkas
  2 bats
  2 kobolds
  10 rats
70 creatures vanquished.

Vanquished Creatures (others)
  A plant (D:5)
1 creature vanquished.

Grand Total: 71 creatures vanquished

Notes
Turn   | Place    | Note
-------+----------+-------------------------------------------
     0 | D:1      | bande the Gargoyle Fighter began the quest for the Orb.
     0 | D:1      | Reached XP level 1. HP: 14/14 MP: 1/1
   207 | D:1      | Reached XP level 2. HP: 19/19 MP: 2/2
   933 | D:2      | Identified the +1 leather armour of Xom's Envy {Slay+3}
  1099 | D:2      | Identified the +1 ring mail of a Billion Hosts {Will++}
  1272 | D:2      | Found Plog's Weapon Shoppe.
  1402 | D:2      | Reached XP level 3. HP: 23/23 MP: 3/3
  1562 | D:3      | Noticed an ice beast
  1571 | D:3      | Killed an ice beast
  1572 | D:3      | Reached XP level 4. HP: 12/29 MP: 4/4
  1572 | D:3      | Reached XP level 5. HP: 13/33 MP: 5/5
  1620 | D:3      | Noticed Terence
  1639 | D:3      | Killed Terence
  1976 | D:3      | You fall into a shaft and drop 1 floor!
  2270 | D:3      | Noticed Sigmund
  2283 | D:3      | Killed Sigmund
  2284 | D:3      | Reached XP level 6. HP: 37/39 MP: 6/6
  2532 | D:3      | Found a bloodstained altar of Trog.
  2855 | D:4      | Reached XP level 7. HP: 39/44 MP: 7/7
  2945 | D:4      | Reached skill level 5 in Axes
  3052 | D:4      | Found a staircase to the Ecumenical Temple.
  3070 | Temple   | Entered the Ecumenical Temple
  3145 | Temple   | Became a worshipper of Warmaster Okawaru
  3434 | D:4      | Found a glowing golden altar of the Shining One.
  3600 | D:5      | Entered Level 5 of the Dungeon
  3757 | D:5      | Reached skill level 5 in Armour
  3757 | D:5      | Reached skill level 1 in Evocations
  4042 | D:5      | Reached skill level 1 in Invocations
  4235 | D:5      | HP: 2/44 [gnoll sergeant/+0 trident (4)]
  4236 | D:5      | Slain by a gnoll sergeant

Illustrated notes

Levels and vault maps discovered:
D:1:      saegor_arrival_fortress, layout_loops_cross
D:2:      layout_basic, serial_shops, nicolae_shop_advertising_works
          [nicolae_subvault_shop_adworks], minmay_rat_gold_closets
D:3:      layout_rooms, trog_hazing_becter, uniq_sigmund, uniq_terence
D:4:      layout_basic, tso_altar, minmay_temple_entry_large_hall,
          hangedman_decor_peaks_small
D:5:      kennysheep_kobold_camp, layout_basic,
          mainiacjoe_overflow_small_starburst
Temple:   nicolae_temple_great_sept

Skill      XL: |  1  2  3  4  5  6  7 |
---------------+----------------------+-----
Axes           | 2 3 4 5 |  5.4
Fighting       | 4 |  4.8
Armour         | 4 5 |  5.1
Shields        | 4 |  4.4
Evocations     | 1 |  1.3
Invocations    | 1 |  1.2

Action                   |  1- 3 |  4- 6 |  7- 9 || total
-------------------------+-------+-------+-------++-------
Melee: War axe           |    49 |    95 |    61 ||   205
  Use: Scroll            |    10 |     5 |     4 ||    19
Armor: Scale mail        |    11 |       |       ||    11
       Chain mail        |     6 |    72 |    60 ||   138
Dodge: Dodged            |    17 |    37 |    31 ||    85
Block: Buckler           |    12 |    21 |    19 ||    52

Table legend: (Time is in decaauts)
 A = Elapsed time spent in this place.
 B = Non-inter-level travel time spent in this place.
 C = Inter-level travel time spent in this place.
 D = Time resting spent in this place.
 E = Time spent auto-exploring this place.
 F = Levels seen in this place.
 G = Mean time per level.
                   A        B        C        D        E       F      G
               +--------+--------+--------+--------+--------+-----+--------+
         Total |   4306 |   4235 |     71 |   1018 |   2479 |   6 |  717.7 |
       Dungeon |   4216 |   4145 |     71 |   1018 |   2417 |   5 |  843.2 |
        Temple |     89 |     89 |      0 |      0 |     62 |   1 |   89.0 |
               +--------+--------+--------+--------+--------+-----+--------+

Top non-repeatable levels by time:
     D:4: 1111 daAuts
     D:3: 939 daAuts
     D:1: 831 daAuts
     D:2: 688 daAuts
     D:5: 646 daAuts
  Temple: 89 daAuts
